 Dungeon Crawl Stone Soup version 0.28-a0-1227-ga9037bb4c8 (webtiles) character file.

Game seed: 8868144073212085459

655 ReploidZero the Magician (level 7, -4/45 HPs)
             Began as a Djinni Conjurer on Dec 22, 2021.
             Was an Initiate of Nemelex Xobeh.
             Slain by a raiju (shapeshifter) (9 damage)
             ... on level 5 of the Dungeon.
             The game lasted 00:13:55 (5378 turns).

ReploidZero the Magician (Djinni Conjurer)          Turns: 5378, Time: 00:13:55

Health: -4/45      AC:  4    Str:  6    XL:     7   Next: 85%
Gold:   185        EV: 12    Int: 21    God:    Nemelex Xobeh [......] SH:  0 Dex: 12

rFire   + + .      SeeInvis .   l - +5 quarterstaff (chaos)
rCold   x . .      Faith    .   (shield currently unavailable)
rNeg    . . .      Spirit   .   a - +1 robe
rPois   ∞          Reflect  .   (no helmet)
rElec   .          Harm     .   n - +0 cloak
rCorr   .          Rampage  .   (no gloves)
Will    .....                   (boots unavailable)
Stlth   ++........              (no amulet)
HPRegen 0.15/turn               (no ring)
MPRegen 0.00/turn               (no ring)

@: flying
A: sickness immunity, fire resistance 2, cold vulnerability 1, float, innate
caster, hp casting, extra vitality 1
a: Renounce Religion, Draw Escape, Draw Destruction, Draw Summoning


You were on level 5 of the Dungeon.
You worshipped Nemelex Xobeh.
Nemelex Xobeh was noncommittal.
You visited 2 branches of the dungeon, and saw 6 of its levels.

You collected 185 gold pieces.

Inventory:

Hand Weapons
 l - a +5 quarterstaff of chaos (weapon)
Missiles
 g - 7 boomerangs
Armour
 a - a +1 robe (worn)
 n - a +0 cloak (worn)
Magical Staves
 q - a staff of earth
Wands
 f - a wand of charming (1)
Scrolls
 b - a scroll of fog {unknown}
 e - a scroll of identify {unknown}
 h - a scroll of blinking
 j - a scroll of teleportation
Potions
 c - 2 potions of magic {unknown}
 d - a potion of resistance {unknown}
 i - a potion of cancellation {unknown}
 k - 2 potions of mutation {unknown}
 m - a potion of degeneration {unknown}
 o - a potion of attraction {unknown}
 p - a potion of curing {unknown}


   Skills:
 + Level 0.0 Fighting
 + Level 2.1 Dodging
 - Level 1.5 Stealth
 * Level 7.0 Spellcasting
 + Level 0.0 Invocations


You had one spell level left.
You knew the following spells:

 Your Spells              Type           Power      Damage    Failure   Level
a - Magic Dart            Conj           100%       1d8       1%          1
b - Searing Ray           Conj           72%        2d7       1%          2
c - Dazzling Flash        Conj/Hex       72%        N/A       1%          3
d - Fulminant Prism       Conj/Hex       18%        3d11      4%          4
e - Iskenderun's Mystic   Conj/Tloc      36%        2d9       4%          4
f - Pain                  Necr           100%       1d9       1%          1
g - Passwall              Tmut/Erth      30%        N/A       1%          2
h - Ensorcelled Hibernat  Hex/Ice        72%        N/A       1%          2
Your spell library was empty.

Dungeon Overview and Level Annotations

Branches:
Dungeon (5/15)             Temple (1/1) D:4

Altars:
Ashenzari
Cheibriados
Dithmenos
Elyvilon
Fedhas
Hepliaklqana
Kikubaaqudgha
Nemelex Xobeh
Qazlal
Sif Muna
Trog
Uskayaw
Wu Jian
Xom
Yredelemnul
Zin


Innate Abilities, Weirdness & Mutations

You are immune to sickness and miasma.
You are immune to poison.
Your flesh is very heat resistant. (rF++)
You are vulnerable to cold. (rC-)
You float through the air rather than walking.
You learn spells naturally, not from books.
Your magical power is your life essence.
You have superior vitality. (+4 MHP)


Message History

You completely miss the plant.
The river rat bites the plant!
You hit the plant.
The plant begins to die.
The plant flickers and vanishes!
The river rat bites the plant. x2
The river rat bites the plant.
Found 22 stones.
You see here 28 stones.
Found 4 gold pieces.
An adder comes into view.
You now have 185 gold pieces (gained 4).
The helpless adder fails to defend itself.
You sock the adder!
The adder is severely wounded.
The adder misses you. The adder bites you.
You barely miss the adder.
The adder is severely wounded.
The adder bites you. The adder bites you but does no damage.
You hit the adder.
The adder resists with some effort.
The adder is severely wounded.
The adder bites you.
You miss the adder.
The adder is severely wounded.
The adder bites you but does no damage. x2
You hit the adder.
The adder changes into a shapeshifter!
The shapeshifter is moderately wounded.
The shapeshifter changes into a raiju!
You barely miss the raiju. The raiju bites you! The raiju shocks you!
You hit the raiju.
The raiju goes berserk!
The raiju is lightly wounded.
The raiju closely misses you.
Unknown command.
Casting: Magic Dart (safe; 1% risk of failure)
Confirm with . or Enter, or press ? or * to list all spells.
You erupt in a blast of force!
The mystic blast hits the raiju!
The raiju is moderately wounded.
The raiju is knocked back by the mystic blast.
The raiju bites you!
* * * LOW HITPOINT WARNING * * *
The raiju shocks you!
You die...
Your body disappears without a glow.

.# ## ####### .#.#
#.#.#.#.#.# #.#.#
#.#.#.#.#.#. #.#.#
#.#.#.#.#.#.# #.#.#
#.#.#.#.#.#.#. #.#.#
#.#.#.#.#.#.#.#
#.#.#.#.#.#.#.#.#.#.
.#.#.#.#.#.#.#.#.#.#
.#.#@#.#.#.#.#.#.#.#.
#.#h#.#.#.#.#.#.#.#.#
#(#.#.#.#.#.#.#.#.#.
#.#.#.#.#.#.#.#.#.#.#
#.#.#.#.#.#.#.#.#.#.#.
#.#.#.#.#.#.#.#.#.#.#.#
#.#.#.#.#.#.#.#.#.#.#.#.
.#.#.#.#.#.#.#.#.#.#.#.#
.#.#.#.#(#.#.#.#.#.#.


You could see a raiju shaped shifter (berserk).

Vanquished Creatures
  2 necrophages
  A jelly (D:4)
  Crazy Yiuf (D:3)
  A bullfrog zombie (D:5)
  An orc priest (D:4)
  A hound (D:4)
  A bullfrog skeleton (D:5)
  An iron imp (D:3)
  Jessica (D:2)
  3 orc wizards
  Terence (D:3)
  5 gnolls
  3 adders
  3 dart slugs
  6 orcs
  3 bats
  4 endoplasms
  3 giant cockroaches
  5 goblins
  9 hobgoblins
  4 kobolds
  A quokka (D:1)
  6 ball pythons
  2 frilled lizards (D:1)
  8 rats
76 creatures vanquished.

Vanquished Creatures (others)
  2 plants (D:5)
2 creatures vanquished.

Grand Total: 78 creatures vanquished

Notes
Turn   | Place    | Note
-------+----------+-------------------------------------------
     0 | D:1      | ReploidZero the Djinni Conjurer began the quest for the
                  | Orb.
     0 | D:1      | Reached XP level 1. HP: 15/15 MP: 0/0
    93 | D:1      | Reached XP level 2. HP: 12/21 MP: 0/0
   610 | D:1      | Reached XP level 3. HP: 21/25 MP: 0/0
   610 | D:1      | Learned a level 1 spell: Pain
   787 | D:1      | Reached skill level 4 in Spellcasting
  1565 | D:2      | Noticed Jessica
  1572 | D:2      | Killed Jessica
  1573 | D:2      | Reached XP level 4. HP: 19/31 MP: 0/0
  2249 | D:3      | Reached XP level 5. HP: 9/35 MP: 0/0
  2249 | D:3      | Learned a level 2 spell: Passwall
  2542 | D:3      | Reached skill level 5 in Spellcasting
  2609 | D:3      | Found a snail-covered altar of Cheibriados.
  2951 | D:3      | Found a runed translucent door.
  2952 | D:3      | Noticed Crazy Yiuf
  3006 | D:3      | Noticed Terence
  3020 | D:3      | Killed Terence
  3021 | D:3      | Reached XP level 6. HP: 14/40 MP: 0/0
  3590 | D:3      | Noticed a necrophage
  3600 | D:3      | Killed a necrophage
  3720 | D:3      | Found a faded altar of an unknown god.
  3938 | D:3      | Killed Crazy Yiuf
  3939 | D:3      | Reached skill level 6 in Spellcasting
  4148 | D:4      | Found a shimmering altar of Xom.
  4148 | D:4      | Found a faded altar of an unknown god.
  4156 | D:4      | Found a sparkling altar of Nemelex Xobeh.
  4160 | D:4      | Found a faded altar of an unknown god.
  4215 | D:4      | Reached XP level 7. HP: 34/45 MP: 0/0
  4215 | D:4      | Learned a level 2 spell: Ensorcelled Hibernation
  4360 | D:4      | Found a staircase to the Ecumenical Temple.
  4388 | Temple   | Entered the Ecumenical Temple
  4661 | D:4      | Became a worshipper of Nemelex Xobeh the Trickster
  5201 | D:5      | Entered Level 5 of the Dungeon
  5275 | D:5      | Reached skill level 7 in Spellcasting
  5375 | D:5      | Noticed a shapeshifter
  5375 | D:5      | an adder changed into a shapeshifter
  5375 | D:5      | Noticed a raiju
  5375 | D:5      | a shapeshifter changed into a raiju
  5378 | D:5      | Slain by a raiju (shapeshifter)

Illustrated notes

Levels and vault maps discovered:
D:1:      amcnicky_arrival_blooded_trapdoor, layout_loops_ring
D:2:      layout_rooms, minmay_tromino_v2, uniq_jessica
D:3:      layout_rooms, slow_altar_1, shapermc_ecumenical_altar_mp_highgroup,
          uniq_terence, uniq_crazy_yiuf_cottage
D:4:      layout_basic, chequers_temple_overflow_minitemple,
          minmay_temple_entry_proselytizer
D:5:      wad_woods_stonehenge, layout_basic
Temple:   nicolae_temple_x_marks_the_god

Skill      XL: |  1  2  3  4  5  6  7 |
---------------+----------------------+-----
Spellcasting   | 4 5 6 7 |  7.0
Dodging        | |  2.1
Stealth        | |  1.5

Action                   |  1- 3 |  4- 6 |  7- 9 || total
-------------------------+-------+-------+-------++-------
Melee: Whip              |    50 |       |       ||    50
       Short sword       |       |    14 |       ||    14
       Quarterstaff      |       |     1 |    18 ||    19
Throw: Boomerang         |    19 |    61 |     9 ||    89
 Cast: Magic Dart        |    31 |    15 |    12 ||    58
       Searing Ray       |     4 |    20 |     4 ||    28
       Dazzling Flash    |       |     1 |       ||     1
       Iskenderun's Myst |       |     1 |     3 ||     4
  Use: Scroll            |       |     9 |     1 ||    10
 Stab: Sleeping          |     1 |       |     1 ||     2
Armor: Robe              |     9 |     2 |     6 ||    17
Dodge: Dodged            |    44 |    25 |     8 ||    77

Table legend: (Time is in decaauts)
 A = Elapsed time spent in this place.
 B = Non-inter-level travel time spent in this place.
 C = Inter-level travel time spent in this place.
 D = Time resting spent in this place.
 E = Time spent auto-exploring this place.
 F = Levels seen in this place.
 G = Mean time per level.
                   A        B        C        D        E       F      G
               +--------+--------+--------+--------+--------+-----+--------+
         Total |   5415 |   5253 |    162 |      0 |   4543 |   6 |  902.5 |
       Dungeon |   5185 |   5024 |    161 |      0 |   4335 |   5 | 1037.0 |
        Temple |    230 |    229 |      1 |      0 |    208 |   1 |  230.0 |
               +--------+--------+--------+--------+--------+-----+--------+

Top non-repeatable levels by time:
     D:3: 1926 daAuts
     D:1: 1272 daAuts
     D:2: 941 daAuts
     D:4: 863 daAuts
  Temple: 230 daAuts
     D:5: 181 daAuts
